 Dungeon Crawl Stone Soup version 0.24-a0-139-geb6712d24a (webtiles) character file.

Game seed: 7685287024628185180

65 MrRokkomies the Cutter (level 4, 12/29 HPs)
             Began as a Kobold Abyssal Knight on Mar 2, 2019.
             Was a Believer of Lugonu.
             Quit the game on level 4 of the Dungeon.
             The game lasted 00:05:45 (1816 turns).

MrRokkomies the Cutter (Kobold Abyssal Knight)      Turns: 1816, Time: 00:05:46

Health: 12/29      AC:  3    Str: 11    XL:     4   Next: 35%
Magic:  5/5        EV: 15    Int:  9    God:    Lugonu [**....]
Gold:   95         SH:  0    Dex: 14    Spells: 3/3 levels left

rFire    . . .     SeeInvis .   a - +1 short sword
rCold    . . .     Gourm    .   (shield restricted)
rNeg     . . .     Faith    .   b - +0 leather armour
rPois    .         Spirit   .   (no helmet)
rElec    .         Reflect  .   (no cloak)
rCorr    .         Harm     .   (no gloves)
MR       .....                  (no boots)
Stlth    +.........             (no amulet)
HPRegen  0.09/turn              (no ring)
MPRegen  0.09/turn              (no ring)

@: mighty
A: small, hooves 1, carnivore, [dopey 2], [weak 2], subdued magic 1
a: Depart the Abyss, Bend Space, Renounce Religion


You were on level 4 of the Dungeon.
You worshipped Lugonu.
Lugonu was pleased with you.
You were not hungry.

You visited 1 branch of the dungeon, and saw 4 of its levels.
You visited the Abyss 1 time.

You collected 95 gold pieces.

Inventory:

Hand Weapons
 a - a +1 short sword (weapon)
 p - a +0 long sword
Missiles
 h - 20 bolts
Armour
 b - a +0 leather armour (worn)
Scrolls
 e - 2 scrolls of identify {unknown}
 i - a scroll of magic mapping {unknown}
 m - a scroll of remove curse {unknown}
 q - a scroll of teleportation
 r - a scroll of fear {unknown}
 s - a scroll of fog {unknown}
Potions
 j - a potion of invisibility {unknown}
 k - a potion of agility {unknown}
 l - a potion of flight {unknown}
 n - a potion of heal wounds {unknown}
 o - a potion of curing
Comestibles
 c - 3 rations


   Skills:
 - Level 3.7 Fighting
 * Level 4.4 Short Blades
 - Level 1.0 Armour
 - Level 3.0 Dodging
 * Level 2.3 Invocations


You had 3 spell levels left.
You didn't know any spells.
Your spell library was empty.

Dungeon Overview and Level Annotations

Branches:
Dungeon (4/15)
 Temple: D:4-7

Altars:
Cheibriados
Yredelemnul

Annotations:
D:3 Grinder


Innate Abilities, Weirdness & Mutations

You are small and have problems with some larger weapons.
You are carnivorous and can eat meat at any time.
You have large cloven feet.
Your spells are a little easier to cast, but a little less powerful.
[You are very dopey. (Int -4)]
[You are very weak. (Str -4)]


Message History

Lugonu accepts your kill.
Things that are here:
a jackal corpse x2
Grinder blinks!
There is a stone staircase leading down here.
There is a stone staircase leading down here.
You climb downwards.
There is a stone staircase leading up here.
It was a potion of lignification.
You turn into a tree.
Your +0 leather armour melds into your body.
Your roots penetrate the ground.
It was a potion of mutation.
You feel extremely strange.
Your connection to magic feels subdued.
Your feet thicken and deform.
You start resting.
Your transformation is almost over.
You start resting.
You feel less wooden.
Your +0 leather armour unmelds from your body.
Unknown command.
Are you sure you want to abandon this character and quit the game? (Confirm with "yes".)

#.#
#.#
#.#
#.#
#.#
#.#
#.#
#@#
###


There were no monsters in sight!

Vanquished Creatures
  2 adders (D:2)
  A worm (D:2)
  A dart slug (D:1)
  2 leopard geckos (D:1)
  4 giant cockroaches (D:1)
  5 goblins
  2 hobgoblins (D:2)
  3 jackals (D:3)
  4 kobolds
  6 bats
  3 frilled lizards (D:1)
  8 rats
41 creatures vanquished.

Notes
Turn   | Place    | Note
-------+----------+-------------------------------------------
     0 | Abyss:1  | MrRokkomies the Kobold Abyssal Knight began the quest for
                  | the Orb.
     0 | Abyss:1  | Reached XP level 1. HP: 14/14 MP: 2/2
     1 | Abyss:1  | Found a corrupted altar of Lugonu.
    34 | Abyss:1  | Found a hide-covered altar of Uskayaw.
    35 | Abyss:1  | Noticed an ancient zyme
    35 | Abyss:1  | Noticed a tentacled starspawn
    73 | Abyss:3  | Noticed a wretched star
    84 | D:1      | Escaped the Abyss
   131 | D:1      | Reached * piety under Lugonu
   321 | D:1      | Reached XP level 2. HP: 19/19 MP: 3/3
   352 | D:1      | Reached skill level 3 in Short Blades
   489 | D:1      | Reached skill level 1 in Armour
   753 | D:1      | Reached XP level 3. HP: 23/24 MP: 4/4
  1186 | D:2      | Reached ** piety under Lugonu
  1333 | D:2      | Found a basalt altar of Yredelemnul.
  1338 | D:2      | Found a snail-covered altar of Cheibriados.
  1375 | D:2      | Reached XP level 4. HP: 21/29 MP: 5/5
  1397 | D:2      | Reached skill level 4 in Short Blades
  1767 | D:2      | You fall through a shaft!
  1767 | D:3      | Noticed Grinder
  1768 | D:3      | Paralysed by Grinder for 5 turns
  1788 | D:4      | Gained mutation: Your spells are a little easier to cast,
                  | but a little less powerful. [potion of mutation]
  1788 | D:4      | Gained mutation: You have large cloven feet. [potion of
                  | mutation]
  1816 | D:4      | Quit the game

Levels and vault maps discovered:
D:1:      roderic_dead_forest, layout_loops_ring
D:2:      layout_basic, grunt_temple_overflow_open, first_ration,
          lemuel_another_geyser
D:3:      layout_basic, lemuel_coloured_pillars_altar, zin_angel, uniq_ijyb,
          uniq_sigmund, uniq_grinder, uniq_robin
D:4:      layout_basic, lemuel_doored_altar, makhleb_heckhound_becter,
          uniq_crazy_yiuf_cottage
Abyss:1:  hangedman_abyss_stitches_cave
Abyss:2
Abyss:3:  nicolae_abyss_rune_star_stuff, minivault_20

Skill      XL: |  1  2  3  4 |
---------------+-------------+-----
Short Blades   | 3 4 |  4.4
Armour         | 1 |  1.0
Dodging        | 3 |  3.0
Fighting       | |  3.7
Invocations    | |  2.3

Action                   |  1- 3 |  4- 6 || total
-------------------------+-------+-------++-------
Melee: Short sword       |   152 |    33 ||   185
Invok: Depart the Abyss  |     1 |       ||     1
  Use: Scroll            |     1 |       ||     1
       Potion            |       |     4 ||     4
  Eat: Chunk             |     3 |       ||     3
Armor: Leather armour    |    24 |     3 ||    27
Dodge: Dodged            |   104 |    29 ||   133

Table legend:
 A = Non-vault XP
 B = Vault XP
 C = Vault XP percentage of total XP
 D = Non-vault monster count
 E = Vault monster count
 F = Vault count percentage of total count
                 A         B        C        D         E       F
            +---------+---------+-------+---------+---------+-------
      Total |      94 |       0 |   0.0 |      41 |       0 |   0.0
            +---------+---------+-------+---------+---------+-------
        D:1 |      43 |       0 |   0.0 |      26 |       0 |   0.0
        D:2 |      45 |       0 |   0.0 |      12 |       0 |   0.0
        D:3 |       6 |       0 |   0.0 |       3 |       0 |   0.0
            +---------+---------+-------+---------+---------+-------
